 Dungeon Crawl Stone Soup version 0.21-a0-440-g28109cb (webtiles) character file.

59 tof the Slasher (level 3, -1/29 HPs)
             Began as a Demonspawn Berserker on Nov 11, 2017.
             Was a Follower of Trog.
             Slain by an adder (4 damage)
             ... on level 2 of the Dungeon.
             The game lasted 00:02:41 (2014 turns).

tof the Slasher (Demonspawn Berserker)              Turns: 2014, Time: 00:02:41

Health: -1/29      AC:  5    Str: 17    XL:     3   Next: 78%
Magic:  3/3        EV: 11    Int:  8    God:    Trog [*.....]
Gold:   87         SH:  0    Dex: 13    Spells: 2/2 levels left

rFire    . . .     SeeInvis +   n - -1 whip (curse)
rCold    . . .     Gourm    .   (no shield)
rNeg     . . .     Faith    .   o - +0 ring mail
rPois    .         Spirit   .   (helmet restricted)
rElec    .         Reflect  .   (no cloak)
rCorr    .         Harm     .   (no gloves)
MR       .....                  (no boots)
Stlth    +.........             (no amulet)
HPRegen  0.09/turn              h - ring of see invisible
MPRegen  0.08/turn              (no ring)

@: lethally poisoned (-1 -> -15)
A: horns 1
a: Berserk, Burn Spellbooks, Renounce Religion


You were on level 2 of the Dungeon.
You worshipped Trog.
Trog was aware of your devotion.
You were hungry.

You visited 1 branch of the dungeon, and saw 2 of its levels.

You collected 87 gold pieces.

Inventory:

Hand Weapons
 a - a +0 falchion
 n - a cursed -1 whip (weapon)
Missiles
 p - 7 javelins (quivered)
 q - 20 poisoned needles
Armour
 b - a +0 animal skin
 o - a +0 ring mail (worn)
 r - a scarf of resistance
Jewellery
 h - a ring of see invisible (left hand)
 m - an uncursed ring of protection from cold {unknown}
Scrolls
 e - a scroll of immolation {unknown}
 i - a scroll of amnesia {unknown}
 j - 2 scrolls of identify {unknown}
Potions
 g - a potion of curing {unknown}
 k - a potion of invisibility {unknown}
Comestibles
 c - 3 bread rations
 d - 3 meat rations
 f - a royal jelly
 l - 6 chunks of flesh


   Skills:
 + Level 3.3 Fighting
 * Level 3.4 Long Blades
 + Level 2.2 Armour
 + Level 2.2 Dodging


You had 2 spell levels left.
You didn't know any spells.

Dungeon Overview and Level Annotations

Branches:
Dungeon (2/15)

Altars:


Innate Abilities, Weirdness & Mutations

You have a pair of small horns on your head.


Message History

The adder poisons you! The adder bites you but does no damage.
You hit the adder.
The adder is moderately wounded.
You are feeling hungry.
You feel sick. The adder bites you.
* * * LOW HITPOINT WARNING * * *
You are more poisoned.
The adder poisons you!
You closely miss the adder.
The adder is moderately wounded.
* * * LOW HITPOINT WARNING * * *
You feel sick. The adder bites you.
* * * LOW HITPOINT WARNING * * *
You are more poisoned.
The adder poisons you!
You hit the adder but do no damage.
The adder is moderately wounded.
* * * LOW HITPOINT WARNING * * *
You feel sick. The adder bites you but does no damage. The adder bites you.
You die...

#..##..........####.###
#.....#.........#.((#..
.##............##..(#<...
....%...........##.......
...........###...#.(...##
...........####........#
............# #.......###
........S.#.# #.........#
........@.#.# ##......#..
....>.....#..####.......#
......)..###..#.....#....
.#......## ##.#....##....
#..##### #.....#.##....
#.. #.....#.##.... ..
#.......##....
#.......#.....
#####...(.........


You could see an adder.

Vanquished Creatures
  3 gnolls (D:2)
  A dart slug (D:2)
  A ball python (D:1)
  4 giant cockroaches
  3 goblins
  4 hobgoblins (D:2)
  A quokka (D:2)
  A bat (D:2)
  A frilled lizard (D:2)
  4 kobolds
  6 rats
29 creatures vanquished.

Notes
Turn   | Place    | Note
-------+----------+-------------------------------------------
     0 | D:1      | tof the Demonspawn Berserker began the quest for the Orb.
     0 | D:1      | Reached XP level 1. HP: 18/18 MP: 1/1
   461 | D:1      | Gained mutation: You have a pair of small horns on your head. [demonic ancestry]
   461 | D:1      | Reached XP level 2. HP: 24/24 MP: 2/2
  1272 | D:2      | Reached XP level 3. HP: 14/29 MP: 3/3
  2014 | D:2      | Slain by an adder

Vault maps used:
D:1:      evilmike_arrival_plus
D:2:      nicolae_overflow_hidden_temple, uniq_crazy_yiuf_cottage

Skill      XL: |  1  2 |
---------------+-------+-----
Long Blades    | 3 |  3.4
Armour         | 2 |  2.2
Dodging        | 2 |  2.2
Fighting       | |  3.3

Action                   || total
-------------------------++-------
Melee: Falchion          ||    21
       Whip              ||    82
       Headbutt          ||    18
Throw: Javelin           ||     7
 Stab: Sleeping          ||     2
  Eat: Chunk             ||     3
Armor: Animal skin       ||     8
       Ring mail         ||    29
Dodge: Dodged            ||    92
       Rpst.: Falchion   ||     4

Table legend:
 A = Spawn XP
 B = Non-spawn XP
 C = Spawn XP percentage of total XP
 D = Spawn monster count
 E = Non-spawn monster count
 F = Spawn count percentage of total count
 G = Total turns spent on level
                    A         B        C        D         E        F      G
               +---------+---------+-------+---------+---------+-------+---------
         Total |       0 |      85 |   0.0 |       0 |      29 |   0.0 |  2014
               +---------+---------+-------+---------+---------+-------+---------
           D:1 |       0 |      14 |   0.0 |       0 |       9 |   0.0 |  1219
           D:2 |       0 |      71 |   0.0 |       0 |      20 |   0.0 |   795
               +---------+---------+-------+---------+---------+-------+---------
